 Dungeon Crawl Stone Soup version 0.19.0-23-gf02e663 (webtiles) character file.

219 RKaid the Chopper (level 5, -1/67 HPs)
             Began as a Minotaur Fighter on Nov 19, 2016.
             Was an Initiate of Okawaru.
             Slain by a wight
             ... wielding a +0 spear
              (3 damage)
             ... on level 3 of the Dungeon.
             The game lasted 00:01:55 (1245 turns).

RKaid the Chopper (Minotaur Fighter)                Turns: 1245, Time: 00:01:56

Health: -1/67      AC:  6    Str: 25    XL:     5   Next: 64%
Magic:  4/4        EV:  7    Int:  5    God:    Okawaru [......]
Gold:   110        SH:  9    Dex: 11    Spells: 0 memorised, 4 levels left

rFire  . . .     SeeInvis .     a - +0 war axe
rCold  . . .     Gourm    .     b - +0 scale mail
rNeg   . . .     Faith    .     c - +0 shield
rPois  .         Spirit   .     (helmet restricted)
rElec  .         Reflect  .     (no cloak)
rCorr  .         Harm     .     (no gloves)
MR     .....                    (no boots)
Stlth  ..........               (no amulet)
                                (no ring)
                                (no ring)

@: berserking, drained, very quick
A: retaliatory headbutt, horns 2
a: Renounce Religion


You were on level 3 of the Dungeon.
You worshipped Okawaru.
Okawaru was noncommittal.
You were not hungry.

You visited 1 branch of the dungeon, and saw 3 of its levels.

You collected 110 gold pieces.

Inventory:

Hand Weapons
 a - a +0 war axe (weapon)
Missiles
 s - a throwing net {=f}
Armour
 b - a +0 scale mail (worn)
 c - a +0 shield (worn)
 l - a +0 cloak
   (You found it on level 1 of the Dungeon)
 q - a +0 cloak
   (You found it on level 2 of the Dungeon)
Jewellery
 r - an uncursed ring of protection from cold {unknown}
   (You found it on level 2 of the Dungeon)
Scrolls
 e - a scroll of random uselessness {unknown}
 g - a scroll of noise {unknown}
 i - a scroll of enchant armour {unknown}
 j - 2 scrolls of identify {unknown}
 k - 3 scrolls of amnesia {unknown}
 m - 3 scrolls of teleportation {unknown}
 n - 2 scrolls of remove curse {unknown}
Potions
 d - a potion of might
 o - a potion of agility {unknown}
 p - 2 potions of ambrosia {unknown}
 t - a potion of berserk rage {!q}
Comestibles
 f - 3 bread rations
 h - 4 chunks of flesh


   Skills:
 - Level 3.6(2.7) Fighting
 + Level 7.2(6.3) Axes
 - Level 3.6(2.7) Armour
 - Level 3.6(2.7) Shields


You had 4 spell levels left.
You didn't know any spells.

Dungeon Overview and Level Annotations

Branches:
Dungeon (3/15)

Altars:
Ashenzari
Gozag
Hepliaklqana
Makhleb
Okawaru
Ru
Zin
The Shining One


Innate Abilities, Weirdness & Mutations

You reflexively headbutt those who attack you in melee.
You have a pair of horns on your head.


Message History

You kill the hobgoblin!
There is an iron altar of Okawaru here.
You kneel at the altar of Okawaru.
Okawaru welcomes you!
You now have 110 gold pieces (gained 5).
s - a throwing net {=f}
Found a stone staircase leading up.
A leopard gecko comes into view.
The leopard gecko hisses angrily.
A leopard gecko is nearby!
A leopard gecko is nearby!
A leopard gecko is nearby!
A leopard gecko is nearby!
You miss the leopard gecko. You headbutt the leopard gecko.
You kill the leopard gecko!
Okawaru accepts your kill.
No target in view!
No target in view!
No target in view!
Found a stone staircase leading down.
You see here a leopard gecko corpse.
You butcher the leopard gecko corpse.
h - 4 chunks of flesh (gained 2)
t - 2 blue potions 2 wights come into view.
The wight moves out of view.
A wight is nearby!
A wight is nearby!
A wight is nearby!
A wight is nearby!
A wight comes into view.
It is wielding an enchanted great sword.
There are monsters nearby!
The wight hits you but does no damage.
You hit the wight but do no damage. Your headbutt misses the wight.
The wight hits you with a spear.
You barely miss the wight. Your headbutt misses the wight. You slash the wight!
The wight closely misses you.
The wight hits you with an enchanted hand axe.
You feel drained.
You slash the wight! You hit the wight but do no damage. x2
The wight completely misses you. The wight barely misses you.
The wight hits you with an enchanted hand axe.
The wight hits you with a spear.
You feel drained.
You barely miss the wight. Your headbutt misses the wight.
You closely miss the wight.
Your shield and scale mail prevent you from hitting the wight.
The wight hits you with an enchanted great sword.
The wight hits you but does no damage.
The wight hits you with an enchanted hand axe.
You feel drained.
You closely miss the wight.
You headbutt the wight, but do no damage.
You hit the wight but do no damage. You slash the wight!
The wight hits you but does no damage.
The wight hits you with an enchanted hand axe.
You feel drained. You block the wight's attack.
You hit the wight but do no damage. Your headbutt misses the wight.
Your shield and scale mail prevent you from hitting the wight.
You hit the wight. You block the wight's attack. x2
The wight hits you with an enchanted great sword.
The wight hits you with a spear.
You are too injured to fight recklessly!
You are too injured to fight recklessly!
You are too injured to fight recklessly!
You are too injured to fight recklessly!
You are too injured to fight recklessly!
You are too injured to fight recklessly!
You are too injured to fight recklessly!
You are too injured to fight recklessly!
You are too injured to fight recklessly!
You are too injured to fight recklessly!
You are too injured to fight recklessly!
You are too injured to fight recklessly!
You are too injured to fight recklessly!
You are too injured to fight recklessly!
You are too injured to fight recklessly!
You are too injured to fight recklessly!
You block the wight's attack. The wight hits you but does no damage.
You slash the wight!
You destroy the wight!
Okawaru accepts your kill. The wight barely misses you.
The wight hits you with an enchanted great sword!
* * * LOW HITPOINT WARNING * * *
You feel drained.
* * * LOW HITPOINT WARNING * * *
It was a potion of berserk rage.
A red film seems to cover your vision as you go berserk!
You feel yourself moving faster!
You feel mighty! The wight hits you but does no damage.
You hit the wight.
The wight hits you from afar with a spear.
* * * LOW HITPOINT WARNING * * *
You block the wight's attack.
You slash the wight!
You destroy the wight!
Okawaru accepts your kill.
Your base Axes skill increases to level 7!
The wight hits you from afar with a spear.
You die...

#......#.......# #.......##.
#......######### #.......###
#......######### #.......###
#..........#...#####....#....
#.....>......................
##########.#.#.###...........
#.#.#.# #........... #.....#
#.....#.#... ###@###
#......_....
#)#+#######.#.#... #.z..#
#.....## ##...############
#........ #...##### ....#
.....# .....##


You could see a wight.

Vanquished Creatures
  2 wights (D:3)
  Ijyb (D:2)
  Jessica (D:2)
  Terence (D:2)
  An adder (D:2)
  An ooze (D:2)
  A worm (D:3)
  2 dart slugs (D:2)
  4 leopard geckos
  4 giant cockroaches
  2 goblins
  6 hobgoblins
  2 kobolds (D:2)
  9 bats
  5 frilled lizards
  5 rats
47 creatures vanquished.

Notes
Turn   | Place    | Note
-------+----------+-------------------------------------------
     0 | D:1      | RKaid the Minotaur Fighter began the quest for the Orb.
     0 | D:1      | Reached XP level 1. HP: 19/19 MP: 0/0
    79 | D:1      | Found a shattered altar of Ashenzari.
    84 | D:1      | Reached skill level 3 in Axes
   151 | D:1      | Reached XP level 2. HP: 22/26 MP: 1/1
   493 | D:2      | Reached skill level 4 in Axes
   518 | D:2      | Noticed Jessica
   522 | D:2      | Killed Jessica
   522 | D:2      | Reached XP level 3. HP: 31/31 MP: 2/2
   535 | D:2      | Reached skill level 5 in Axes
   592 | D:2      | Noticed Ijyb
   604 | D:2      | Killed Ijyb
   604 | D:2      | Reached XP level 4. HP: 36/39 MP: 3/3
   676 | D:2      | Noticed Terence
   691 | D:2      | Killed Terence
   691 | D:2      | Reached skill level 6 in Axes
  1021 | D:3      | Found an opulent altar of Gozag.
  1127 | D:3      | Reached XP level 5. HP: 41/45 MP: 4/4
  1133 | D:3      | Found a hazy altar of Hepliaklqana.
  1134 | D:3      | Found a sacrificial altar of Ru.
  1139 | D:3      | Found a glowing golden altar of the Shining One.
  1139 | D:3      | Found a burning altar of Makhleb.
  1140 | D:3      | Found a glowing silver altar of Zin.
  1154 | D:3      | Found an iron altar of Okawaru.
  1167 | D:3      | Became a worshipper of Warmaster Okawaru
  1242 | D:3      | HP: 8/45 [wight/enchanted great sword (13)]
  1242 | D:3      | HP: 3/45 [wight/enchanted great sword (5)]
  1245 | D:3      | Reached skill level 7 in Axes
  1245 | D:3      | Slain by a wight

Skill      XL: |  1  2  3  4  5 |
---------------+----------------+-----
Axes           | 3 4 5 6 7 |  7.2
Fighting       | |  3.6
Armour         | |  3.6
Shields        | |  3.6

Action                   |  1- 3 |  4- 6 || total
-------------------------+-------+-------++-------
Melee: War axe           |    70 |    52 ||   122
       Headbutt          |     5 |    10 ||    15
  Use: Potion            |       |     1 ||     1
  Eat: Chunk             |       |     1 ||     1
Armor: Scale mail        |    44 |    16 ||    60
Dodge: Dodged            |    18 |    18 ||    36
Block: Shield            |    37 |    23 ||    60

Vault maps used:
D:1:      roderic_crossed_star, ashenzari_altar_1
D:2:      serial_curves, eino_curves_01, eino_curves_03, uniq_iyjb,
          uniq_terence, uniq_jessica
D:3:      nicolae_overflow_crystal_walls, okawaru_metal_pillars_1_2,
          grunt_temple_overflow_open, nicolae_ru_sacrificial_ziggurat

Table legend:
 A = Turns spent in this place as a percentage of turns spent in the entire game.
 B = Non-inter-level travel turns spent in this place as a percentage of non-inter-level travel turns spent in the entire game.
 C = Inter-level travel turns spent in this place as a percentage of turns spent in this place.
 D = Turns resting spent in this place as a percentage of non-inter-level travel turns spent in this place.
 E = Turns spent auto-exploring this place as a percentage of non-inter-level travel turns spent in this place.
 F = Non-inter-level travel turns spent in this place divided by the number of levels of this place that you've seen.
                   A       B       C       D       E      F
               +-------+-------+-------+-------+-------+----------------------
         Total | 100.0 | 100.0 |   0.4 |   0.4 |  13.7 | 178.0
       Dungeon | 100.0 | 100.0 |   0.4 |   0.4 |  13.7 | 178.0
               +-------+-------+-------+-------+-------+----------------------

Table legend:
 A = Kills in this place as a percentage of kills in entire the game.
 B = Kills by you in this place as a percentage of kills by you in the entire game.
 C = Kills by friends in this place as a percentage of kills by friends in the entire game.
 D = Other kills in this place as a percentage of other kills in the entire game.
 E = Experience gained in this place as a percentage of experience gained in the entire game.
 F = Experience gained in this place divided by the number of levels of this place that you have seen.
                   A       B       C       D       E      F
               +-------+-------+-------+-------+-------+----------------------
         Total | 100.0 | 100.0 |  -nan |  -nan | 100.0 | 104.7
       Dungeon | 100.0 | 100.0 |  -nan |  -nan | 100.0 | 104.7
               +-------+-------+-------+-------+-------+----------------------
